 Dungeon Crawl Stone Soup version 0.30-a0-779-g7971cf19c3 (webtiles) character file.

Game seed: 3854567428303150724

326 jimonade the Cudgeller (level 6, -9/62 HPs)
             Began as an Ogre Gladiator on Feb 17, 2023.
             Mangled by an ogre
             ... wielding a +0 giant spiked club
              (26 damage)
             ... on level 4 of the Dungeon.
             The game lasted 00:07:19 (3188 turns).

jimonade the Cudgeller (Ogre Gladiator)             Turns: 3188, Time: 00:07:20

Health: -9/62      AC:  3    Str: 19    XL:     6   Next: 49%
Magic:  7/7        EV: 10    Int: 11    God:
Gold:   185        SH:  0    Dex: 10    Spells: 7/7 levels left

rFire   . . .      SeeInvis .    a - +3 flail
rCold   . . .      Faith    .    (no shield)
rNeg    . . .      Spirit   .    A - +0 animal skin
rPois   .          Reflect  .    c - +0 hat
rElec   .          Harm     .    (no cloak)
rCorr   .          Rampage  .    (gloves unavailable)
Will    .....                    (boots unavailable)
Stlth   +                        C - amulet of magic regeneration
HPRegen 0.30/turn                (no ring)
MPRegen 0.50/turn                (no ring)

@: no status effects
A: large, unfitting armour, tough skin 1
a: no special abilities


You were on level 4 of the Dungeon.
You visited 1 branch of the dungeon, and saw 4 of its levels.

You collected 185 gold pieces.

Inventory:

Hand Weapons
 a - a +3 flail (weapon)
 u - a +1 dagger of pain
 v - a +0 flail
Missiles
 e - a large rock (quivered)
 j - 47 stones
 q - 6 poisoned darts
 x - 4 boomerangs
Armour
 c - a +0 hat (worn)
 A - a +0 animal skin (worn)
Jewellery
 C - an amulet of magic regeneration (around neck)
Wands
 b - a wand of roots (7)
Scrolls
 f - a scroll of enchant armour {unknown}
 h - 2 scrolls of amnesia
 k - 2 scrolls of poison {unknown}
 l - a scroll of teleportation {unknown}
 p - a scroll of fear
 r - a scroll of identify {unknown}
 y - a scroll of acquirement {unknown}
 z - a scroll of vulnerability {unknown}
 B - a scroll of magic mapping {unknown}
Potions
 g - a potion of resistance {unknown}
 i - 2 potions of might {unknown}
 m - a potion of heal wounds {unknown}
 n - 3 potions of curing {unknown}
 o - 2 potions of brilliance {unknown}
 s - a potion of attraction {unknown}
 t - 2 potions of invisibility {unknown}
 w - a potion of degeneration {unknown}


   Skills:
 + Level 4.3 Fighting
 * Level 5.1 Maces & Flails
 + Level 2.1 Throwing
 + Level 3.4 Dodging
 + Level 0.9 Stealth
 * Level 1.2 Spellcasting


You had 7 spell levels left.
You didn't know any spells.
Your spell library contained the following spells:

 Spells                   Type           Power      Damage    Failure   Level
 Sting                    Tmut/Pois      0%         1d3       32%         1
 Poisonous Vapours        Pois/Air       0%         N/A       43%         2
 Gell's Gravitas          Tloc           0%         N/A       67%         3
 Teleport Other           Tloc           0%         N/A       67%         3
 Vhi's Electric Charge    Tloc/Air       0%         N/A       67%         3
 Olgreb's Toxic Radiance  Pois           0%         N/A       97%         4
 Arcjolt                  Conj/Air       0%         1d10      100%        5
 Dispersal                Tloc           0%         N/A       100%        6
 Maxwell's Capacitive Co  Air            0%         ∞         100%        8


Dungeon Overview and Level Annotations

Branches:
Dungeon (4/15)
 Temple: D:4-7

Altars:

Shops:
D:2 !

Annotations:
D:3 2 transporters


Innate Abilities, Weirdness & Mutations

You are too large for most types of armour.
You have tough skin. (AC +1)


Message History

You sock the gnoll!
The gnoll is almost dead.
The gnoll closely misses you.
You hit the gnoll.
You kill the gnoll!
You closely miss the gnoll. The gnoll closely misses you.
You hit the gnoll.
The gnoll is moderately wounded.
The gnoll barely misses you.
You sock the gnoll!
You kill the gnoll!
You hit the gnoll.
The gnoll is moderately wounded.
The gnoll hits you with a +0 whip.
You are too injured to fight recklessly!
You are too injured to fight recklessly!
You are too injured to fight recklessly!
You are too injured to fight recklessly!
You are too injured to fight recklessly!
You closely miss the gnoll.
The gnoll is moderately wounded.
The gnoll hits you with a +0 whip. The gnoll hits you with a +0 whip!
* * * LOW HITPOINT WARNING * * *
Throw: 2 throwing nets
Press: ? - help, Q - select action, (/) - cycle Shift-Dir - straight line, f - gnoll
Aim: a gnoll, wielding a +0 whip (moderately wounded, covering ground quickly, 63% to hit)
You throw a throwing net. The throwing net hits the gnoll.
The gnoll is caught in the net!
The gnoll is moderately wounded.
The gnoll is no longer moving quickly.
The gnoll struggles against the net.
You strike the helpless gnoll from behind!
You sock the gnoll!
You kill the gnoll!
Throw: throwing net
Press: ? - help, Q - select action, (/) - cycle Shift-Dir - straight line, f - ogre
Aim: an ogre, wielding a +0 giant spiked club (74% to hit)
You throw a throwing net.
The throwing net barely misses the ogre.
The ogre hits you with a +0 giant spiked club!!
You die...

.#################
#...........@O...##
.#####..#######...#
#..# #.........
#..# #....#####
#..# #.#.## #. #..#
#. g# . #..# #. ..
. # #####..# #. ..
#.## ## #......# ##
### #.#.


You could see an ogre.

Vanquished Creatures
  A scorpion (D:3)
  A hound (D:4)
  A gnoll bouda (D:4)
  An orc wizard (D:3)
  6 gnolls
  Robin (D:3)
  2 adders
  2 worms
  A dart slug (D:1)
  6 orcs
  7 ball pythons
  7 endoplasms
  4 giant cockroaches
  14 goblins
  7 hobgoblins
  2 quokkas
  5 bats
  5 frilled lizards
  6 kobolds
  2 rats
81 creatures vanquished.

Notes
Turn   | Place    | Note
-------+----------+-------------------------------------------
     0 | D:1      | jimonade the Ogre Gladiator began the quest for the Orb.
     0 | D:1      | Reached XP level 1. HP: 22/22 MP: 1/1
    82 | D:1      | Found a faded altar of an unknown god.
    86 | D:1      | Reached skill level 3 in Maces & Flails
    88 | D:1      | Reached XP level 2. HP: 26/29 MP: 2/2
   568 | D:1      | You fall into a shaft and drop 1 floor!
   719 | D:2      | Reached XP level 3. HP: 34/37 MP: 3/3
  1144 | D:2      | Found Suxeeng's Distillery.
  1428 | D:3      | Noticed a scorpion
  1441 | D:3      | Killed a scorpion
  1442 | D:3      | Reached skill level 4 in Maces & Flails
  1442 | D:3      | Reached XP level 4. HP: 43/45 MP: 4/4
  1466 | D:3      | Found a transporter.
  1508 | D:3      | Found a transporter.
  1534 | D:3      | Noticed Robin
  1641 | D:3      | Reached XP level 5. HP: 21/53 MP: 5/5
  2673 | D:3      | Killed Robin
  2838 | D:4      | Reached XP level 6. HP: 61/61 MP: 6/6
  3049 | D:4      | Reached skill level 5 in Maces & Flails
  3178 | D:4      | Reached skill level 1 in Spellcasting
  3188 | D:4      | Mangled by an ogre

Illustrated notes

Levels and vault maps discovered:
D:1:      giann_wishing_wells, layout_basic, basic_ecumenical_altar
D:2:      layout_basic, serial_shops, shop, minivault_19
D:3:      gammafunk_steamed_eel, layout_rooms, kennysheep_big_empty_room,
          uniq_robin
D:4:      layout_loops_ring, kennysheep_generic_room_13, uniq_blork_the_orc

Skill      XL: |  1  2  3  4  5  6 |
---------------+-------------------+-----
Maces & Flails | 3 4 5 |  5.1
Fighting       | 3 4 |  4.3
Dodging        | 3 |  3.4
Spellcasting   | 1 |  1.2
Throwing       | |  2.1
Stealth        | |  0.9

Action                     |  1- 3 |  4- 6 || total
---------------------------+-------+-------++-------
  Melee: Flail             |    87 |   141 ||   228
         Punch             |     1 |       ||     1
  Throw: Throwing net      |     3 |     2 ||     5
    Use: Scroll            |       |     2 ||     2
   Stab: Sleeping          |     2 |       ||     2
         Held in net/web   |     1 |     1 ||     2
 Armour: Robe              |    31 |    34 ||    65
         Animal skin       |       |     8 ||     8
  Dodge: Dodged            |    55 |    77 ||   132

Table legend: (Time is in decaauts)
 A = Elapsed time spent in this place.
 B = Non-inter-level travel time spent in this place.
 C = Inter-level travel time spent in this place.
 D = Time resting spent in this place.
 E = Time spent auto-exploring this place.
 F = Levels seen in this place.
 G = Mean time per level.
                   A        B        C        D        E       F      G
               +--------+--------+--------+--------+--------+-----+--------+
         Total |   3234 |   3059 |    175 |    378 |   1899 |   4 |  808.5 |
       Dungeon |   3234 |   3059 |    175 |    378 |   1899 |   4 |  808.5 |
               +--------+--------+--------+--------+--------+-----+--------+

Top non-repeatable levels by time:
     D:2: 1168 daAuts
     D:3: 1075 daAuts
     D:1: 576 daAuts
     D:4: 414 daAuts
